 Dungeon Crawl Stone Soup version 0.30-a0-586-g23e55c9e0a (webtiles) character file.

Game seed: 14093234422299384636

361 M4edhros the Ducker (level 6, -3/66 HPs)
             Began as an Octopode Fighter on Jan 3, 2023.
             Slain by a gnoll
             ... wielding a +0 spear
             ... led by a gnoll bouda
              (7 damage)
             ... on level 5 of the Dungeon.
             The game lasted 00:01:36 (1623 turns).

M4edhros the Ducker (Octopode Fighter)              Turns: 1623, Time: 00:01:37

Health: -3/66      AC:  1    Str: 12 (15) XL:     6   Next: 66%
Magic:  6/6        EV: 13    Int: 10 (11) God:
Gold:   106        SH:  4    Dex: 10 (13) Spells: 5/5 levels left

rFire   + . .      SeeInvis .    a - +0 trident
rCold   . . .      Faith    .    b - +0 buckler
rNeg    . . .      Spirit   .    (helmet restricted)
rPois   .          Reflect  .    (no amulet)
rElec   .          Harm     .    e - ring of protection from fire
rCorr   .          Rampage  .    (no ring)
Will    .....                    (no ring) Stlth
                                 (no ring)
HPRegen 0.31/turn                (no ring)
MPRegen 0.10/turn                (no ring)
                                 (no ring)
                                 (no ring)

@: berserking, very quick
A: almost no armour, amphibious, 8 rings, camouflage 1, gelatinous body 1,
(nimble swimmer 1), tentacles
a: no special abilities


You were on level 5 of the Dungeon.
You visited 1 branch of the dungeon, and saw 5 of its levels.

You collected 106 gold pieces.

Inventory:

Hand Weapons
 a - a +0 trident (weapon)
Armour
 b - a +0 buckler (worn)
Jewellery
 e - a ring of protection from fire (left tentacle)
Wands
 j - a wand of iceblast (7)
Scrolls
 d - a scroll of vulnerability {unknown}
 h - 3 scrolls of teleportation {unknown}
 k - 2 scrolls of identify {unknown}
 l - a scroll of blinking {unknown}
 n - a scroll of amnesia {unknown}
 o - a scroll of enchant armour {unknown}
Potions
 g - a potion of berserk rage


   Skills:
 + Level 4.4 Fighting
 + Level 3.7 Polearms
 + Level 4.4 Dodging
 + Level 4.4 Shields


You had 5 spell levels left.
You didn't know any spells.
Your spell library contained the following spells:

 Spells                   Type           Power      Damage    Failure   Level
 Sandblast                Erth           0%         2d4       43%         1
 Summon Small Mammal      Summ           0%         N/A       43%         1
 Passwall                 Tmut/Erth      0%         N/A       58%         2
 Call Canine Familiar     Summ           0%         N/A       82%         3
 Stone Arrow              Conj/Erth      0%         3d7       82%         3
 Summon Guardian Golem    Hex/Summ       0%         N/A       82%         3


Dungeon Overview and Level Annotations

Branches:
Dungeon (5/15)
 Temple: D:4-7

Altars:
Ru

Shops:
D:3 (


Innate Abilities, Weirdness & Mutations

You cannot wear most types of armour.
You are amphibious.
You can wear up to eight rings at the same time.
Your skin changes colour to match your surroundings (Stealth+).
Your rubbery body absorbs attacks. (AC +1, EV +1)
((You are camouflaged when in or above water. (Stealth+)))
You have tentacles for arms and can constrict up to eight enemies at once.


Message History

You are too injured to fight recklessly!
You release your grip on the gnoll bouda.
The adder attacks as you move away! The adder bites you.
The gnoll bouda gazes fiercely through you!
You feel your attacks grow feeble.
The gnoll hits you from afar with a +0 spear.
* * * LOW HITPOINT WARNING * * *
It was a potion of degeneration.
There was something very wrong with that liquid.
You feel weakened.
You feel dopey.
You feel clumsy. You block the gnoll's attack.
It was a potion of curing.
You feel better. The gnoll bouda closely misses you.
You block the gnoll's attack.
Okay, then.
The gnoll bouda attacks as you move away!
The gnoll bouda hits you with a +0 club!
Your attacks no longer feel as feeble.
You hit the gnoll bouda. You grab the gnoll bouda.
The gnoll bouda is almost dead.
You constrict the gnoll bouda.
The gnoll bouda struggles to escape constriction.
You hit the gnoll bouda.
You kill the gnoll bouda!
You closely miss the gnoll. You grab the gnoll. You constrict the gnoll.
The gnoll hits you with a +0 flail!
* * * LOW HITPOINT WARNING * * *
It was a potion of berserk rage.
A red film seems to cover your vision as you go berserk!
You feel yourself moving faster!
You feel mighty!
You constrict the gnoll, but do no damage.
The gnoll hits you with a +0 flail.
* * * LOW HITPOINT WARNING * * *
You puncture the gnoll!
You kill the gnoll!
You puncture the adder! You grab the adder. Your squeeze misses the adder.
The adder is almost dead.
You constrict the adder.
You kill the adder!
The gnoll hits you from afar with a +0 spear!
You die...

####### ### .......
#>## .......
#..##### .......
#......#### .......
#.........###)......
#.........)g'.......
#......##@###.......
#......##.# :......
#^.....##.# #######
#.......#.#####
#.......'.....#
#.......#.###.#
#.......#.#
#.......#.#
#.......#.#


You could see a gnoll (swift).

Vanquished Creatures
  Prince Ribbit (D:5)
  An orc priest (D:3)
  A gnoll bouda (D:5)
  Ijyb (D:3)
  5 gnolls
  2 adders
  A worm (D:5)
  2 orcs (D:3)
  3 endoplasms
  A giant cockroach (D:1)
  3 hobgoblins
  2 kobolds
  A quokka (D:3)
  A ball python (D:1)
  2 bats (D:2)
  3 frilled lizards
  2 goblins (D:1)
  A rat (D:2)
33 creatures vanquished.

Notes
Turn   | Place    | Note
-------+----------+-------------------------------------------
     0 | D:1      | M4edhros the Octopode Fighter began the quest for the Orb.
     0 | D:1      | Reached XP level 1. HP: 16/16 MP: 1/1
   182 | D:1      | Reached XP level 2. HP: 13/21 MP: 2/2
   566 | D:3      | Reached XP level 3. HP: 13/26 MP: 3/3
   703 | D:3      | Reached XP level 4. HP: 15/31 MP: 4/4
   747 | D:3      | Found Pidoelunku's Antique Weapon Emporium.
   761 | D:3      | Noticed Ijyb
   773 | D:3      | Killed Ijyb
   985 | D:4      | Reached XP level 5. HP: 37/37 MP: 5/5
  1261 | D:4      | Found a sacrificial altar of Ru.
  1453 | D:5      | Entered Level 5 of the Dungeon
  1483 | D:5      | Noticed Prince Ribbit
  1491 | D:5      | Killed Prince Ribbit
  1492 | D:5      | Reached XP level 6. HP: 18/43 MP: 6/6
  1623 | D:5      | Slain by a gnoll

Illustrated notes

Levels and vault maps discovered:
D:1:      denvon_arrival_waterhouse, layout_loops_corners,
          shapermc_ecumenical_altar_acropolis, nrook_mini_backslash,
          chequers_serial_rivers_room_a
D:2:      layout_loops_cross
D:3:      layout_loops_corners, serial_shops, nicolae_shop_hallway_plus,
          grunt_decor_mini_mirrors, uniq_ijyb
D:4:      layout_basic, nicolae_ru_path_of_blood, minmay_misc_feat_hallway
D:5:      layout_basic, elyvilon_altar_1, mainiacjoe_overflow_large_starburst,
          uniq_prince_ribbit1, uniq_duvessa

Skill      XL: |  1  2  3  4  5 |
---------------+----------------+-----
Polearms       | 3 |  3.7
Fighting       | 4 |  4.4
Dodging        | 4 |  4.4
Shields        | 4 |  4.4

Action                   |  1- 3 |  4- 6 || total
-------------------------+-------+-------++-------
Melee: Trident           |    36 |    43 ||    79
       Constrict         |     5 |    11 ||    16
       Tentacles         |     4 |     5 ||     9
  Use: Potion            |       |     6 ||     6
 Stab: Sleeping          |     8 |     2 ||    10
Armor: Skin              |     1 |       ||     1
Dodge: Dodged            |    10 |    26 ||    36
Block: Buckler           |     1 |     9 ||    10

Table legend: (Time is in decaauts)
 A = Elapsed time spent in this place.
 B = Non-inter-level travel time spent in this place.
 C = Inter-level travel time spent in this place.
 D = Time resting spent in this place.
 E = Time spent auto-exploring this place.
 F = Levels seen in this place.
 G = Mean time per level.
                   A        B        C        D        E       F      G
               +--------+--------+--------+--------+--------+-----+--------+
         Total |   1637 |   1517 |    120 |     92 |   1198 |   5 |  327.4 |
       Dungeon |   1637 |   1517 |    120 |     92 |   1198 |   5 |  327.4 |
               +--------+--------+--------+--------+--------+-----+--------+

Top non-repeatable levels by time:
     D:4: 637 daAuts
     D:3: 367 daAuts
     D:1: 307 daAuts
     D:5: 172 daAuts
     D:2: 152 daAuts
